 Dungeon Crawl Stone Soup version 0.29.0-11-gd7f09526c8 (webtiles) character file.

Game seed: 14415858209607557168

36650 robertstho the Brawler (level 13, -3/69 HPs)
             Began as a Vine Stalker Berserker on Sept 2, 2022.
             Was a High Priest of Trog.
             Slain by a blink frog (7 damage)
             ... on level 4 of the Lair of Beasts.
             The game lasted 00:22:24 (13990 turns).

robertstho the Brawler (Vine Stalker Berserker)    Turns: 13990, Time: 00:22:28

Health: -3/69      AC: 18    Str: 25    XL:     13   Next: 91%
Magic:  0/14       EV:  6    Int:  7    God:    Trog [*****.]
Gold:   517        SH:  8    Dex: 14    Spells: 12/12 levels left

rFire   . . .      SeeInvis .     - Unarmed
rCold   . . .      Faith    .   E - +0 kite shield
rNeg    . . .      Spirit   +   y - +0 plate armour
rPois   .          Reflect  .   B - +2 hat {Will+}
rElec   .          Harm     .   p - +0 cloak
rCorr   +          Rampage  .   (no gloves)
Will    +++++                   a - +0 pair of boots
Stlth   ..........              (no amulet)
HPRegen 2.01/turn               u - ring of resist corrosion
MPRegen 0.14/turn               s - ring of willpower

@: strong-willed, on berserk cooldown, regenerating
A: fangs 3, regeneration 1, magic shield, antimagic bite, no potion heal 2
a: Renounce Religion, Berserk, Trog's Hand, Brothers in Arms


You were on level 4 of the Lair of Beasts.
You worshipped Trog.
Trog was extremely pleased with you.
You visited 2 branches of the dungeon, and saw 15 of its levels.
You also visited: Sewer.

You collected 819 gold pieces.
You spent 302 gold pieces at shops.

Inventory:

Hand Weapons
 F - a +4 scimitar of flaming
Armour
 a - a +0 pair of boots (worn)
 j - a +1 helmet
 p - a +0 cloak (worn)
 y - a +0 plate armour (worn)
 B - a +2 hat of willpower (worn)
 E - a +0 kite shield (worn)
Jewellery
 h - a ring of fire
 k - a ring of positive energy
 s - a ring of willpower (right hand)
 u - a ring of resist corrosion (left hand)
Wands
 m - a wand of roots (17)
 o - a wand of flame (35)
 x - a wand of acid (2)
 J - a wand of polymorph (6)
Scrolls
 c - 5 scrolls of teleportation
 e - a scroll of blinking
 f - 2 scrolls of vulnerability
 g - 5 scrolls of enchant weapon
 i - 4 scrolls of identify
 n - 4 scrolls of butterflies
 q - 4 scrolls of poison
 t - 2 scrolls of magic mapping
 v - 2 scrolls of immolation
 A - 2 scrolls of silence
 C - 3 scrolls of enchant armour
 H - a scroll of torment {unknown}
Potions
 b - 5 potions of might
 d - 7 potions of curing
 l - 2 potions of invisibility
 r - 2 potions of flight
 w - 3 potions of haste
 z - 2 potions of mutation
 G - a potion of resistance {unknown}
 I - a potion of heal wounds {unknown}


   Skills:
 * Level 8.7 Fighting
 + Level 9.0 Armour
 + Level 3.0 Dodging
 + Level 3.3 Stealth
 + Level 2.7 Shields
 * Level 18.4 Unarmed Combat
 + Level 0.4 Evocations


You had 12 spell levels left.
You didn't know any spells.
Your spell library was empty.

Dungeon Overview and Level Annotations

Branches:
Dungeon (10/15)            Temple (0/1) D:4            Lair (5/5) D:10
  Swamp (0/4) Lair:3        Snake (0/4) Lair:3        Sewer (visited)
  Slime: Lair:4-5       Orc: D:9-12

Altars:
Ashenzari
Cheibriados
Hepliaklqana
Kikubaaqudgha
Makhleb
Nemelex Xobeh
Okawaru
Qazlal
Ru
Sif Muna
Xom
The Shining One

Shops:
D:5 ??   D:7 (


Innate Abilities, Weirdness & Mutations

You have razor-sharp teeth.
Your natural rate of healing is unusually fast.
When hurt, damage is shared between your health and your magic reserves.
Your bite disrupts and absorbs the magic of your enemies.
Potions cannot restore your health.


Message History

You feel very sick. The black mamba bites you.
* * * LOW HITPOINT WARNING * * *
The blink frog hits you but does no damage.
You block the elephant's attack.
The elephant trunk-slaps you but does no damage.
The black mamba bites you but does no damage.
You block the blink frog's attack.
The black mamba attacks as you move away!
You block the black mamba's attack.
You feel very sick.
Your bullfrog misses the black mamba.
Your water moccasin bites the blink frog.
The blink frog hits your water moccasin.
The black mamba bites you!
* * * LOW HITPOINT WARNING * * *
The elephant attacks as you move away! The elephant tramples you.
* * * LOW HITPOINT WARNING * * *
The elephant trunk-slaps you.
* * * LOW HITPOINT WARNING * * *
x2 You feel very sick.
Your black mamba closely misses the black mamba.
Your bullfrog closely misses the black mamba.
Your water moccasin closely misses the blink frog.
The blink frog hits your water moccasin!!
The blink frog blinks!
The black mamba closely misses your water moccasin.
Your black mamba misses the black mamba.
The elephant tramples your water moccasin.
Your water moccasin holds its ground!
The elephant trunk-slaps your water moccasin.
Your bullfrog hits the black mamba.
Your system rejects the healing.
You feel better.
The black mamba bites your water moccasin!
Your water moccasin dies!
Your water moccasin's corpse dissolves into shadows!
Your black mamba closely misses the black mamba.
Your black mamba bites the elephant.
The elephant is poisoned.
Your black mamba poisons the elephant!
The blink frog hits you!
You die...

###..†###..###.....###.'###......
###...###..####...## ##..#.......
......P##...###...####..###.....P
......###..........#.....##...F..
......###....P#....#.....:.......
..#....##...###...##.P####.......
..#...###+.####....### ##.......
##....##..####..FF.S#####.......#
#P....###.#.....@SY.Y............
.................................
#.######.#####.###..###########.#
## ### ### #### ##


You could see 2 elephants, a black mamba (ally target), a blink frog, a friendly
black mamba (summoned) and a friendly bullfrog (summoned).

Vanquished Creatures
  Gastronok (D:10)
  The ghost of Renzlar the Blocker, a journeyman GnFi of Okawaru (D:9)
  A centaur warrior (D:10)
  4 hydras
  2 catoblepae (Lair:2)
  3 two-headed ogres
  4 death yaks (Lair:4)
  A lindwurm (Lair:2)
  2 cyclopes
  Joseph (D:10)
  10 elephants
  2 black mambas (Lair:3)
  A guardian serpent (Lair:3)
  A gargoyle (D:10)
  6 cane toads
  Maggie (D:6)
  A rime drake (Lair:2)
  6 komodo dragons
  An efreet (D:9)
  2 kobold demonologists (D:10)
  2 polar bears
  2 hornets (D:9)
  A blink frog (Lair:4)
  Prince Ribbit (D:7)
  2 spriggans (D:9)
  A shadow (D:10)
  A vampire (D:9)
  2 wyverns
  A basilisk (Lair:2)
  19 yaks
  3 steam dragons
  6 vampire mosquitoes
  10 water moccasins
  3 orc warriors
  2 sky beasts
  6 black bears
  An ice beast (D:7)
  An ogre (D:4)
  20 wolves
  A phantom (D:5)
  5 centaurs
  6 kobold brigands
  12 bullfrogs
  A gnoll sergeant (D:9)
  2 necrophages
  2 scorpions
  7 wights
  11 killer bees
  An electric eel (Lair:1)
  4 howler monkeys (D:9)
  3 hounds
  4 orc priests
  A gnoll bouda (D:9)
  Terence (D:3)
  3 iguanas
  7 orc wizards
  Natasha (D:3)
  2 hell rats (Lair:1)
  Robin (D:3)
  14 gnolls
  8 river rats
  11 adders
  2 shadow imps
  An ufetubus (D:5)
  2 worms (D:4)
  3 dart slugs
  16 orcs
  5 bats
  4 endoplasms
  26 giant cockroaches
  19 goblins
  9 hobgoblins
  8 jackals
  12 kobolds
  9 quokkas
  7 ball pythons
  6 frilled lizards (Sewer)
  7 rats
379 creatures vanquished.

Vanquished Creatures (collateral kills)
  A hydra (Lair:2)
  2 death yaks (Lair:4)
  An elephant (Lair:4)
  A blink frog (Lair:4)
5 creatures vanquished.

Vanquished Creatures (others)
  A yak (D:9)
  An orc wizard (D:8)
  3 orcs (D:8)
  An endoplasm (D:4)
  16 fungi
  24 plants
46 creatures vanquished.

Grand Total: 430 creatures vanquished

Notes
Turn   | Place    | Note
-------+----------+-------------------------------------------
     0 | D:1      | robertstho the Vine Stalker Berserker began the quest for
                  | the Orb.
     0 | D:1      | Reached XP level 1. HP: 11/11 MP: 2/2
   528 | D:1      | Reached XP level 2. HP: 16/16 MP: 1/3
  1232 | D:1      | Reached XP level 3. HP: 19/20 MP: 4/4
  1442 | D:2      | Reached ** piety under Trog
  1716 | D:2      | Reached skill level 4 in Unarmed Combat
  1716 | D:2      | Gained mutation: Your natural rate of healing is unusually
                  | fast. [Vine Stalker growth]
  1716 | D:2      | Reached XP level 4. HP: 12/24 MP: 1/5
  2250 | D:3      | Noticed Robin
  2324 | D:3      | Killed Robin
  2325 | D:3      | Reached XP level 5. HP: 29/29 MP: 6/6
  2760 | D:3      | Found a glowing golden altar of the Shining One.
  2762 | D:3      | Found an ancient bone altar of Kikubaaqudgha.
  2764 | D:3      | Found a stormy altar of Qazlal.
  2767 | D:3      | Found a hazy altar of Hepliaklqana.
  2774 | D:3      | Noticed Natasha
  2784 | D:3      | Killed Natasha
  2785 | D:3      | Found a sacrificial altar of Ru.
  2785 | D:3      | Found an iron altar of Okawaru.
  2801 | D:3      | Found a shimmering altar of Xom.
  2802 | D:3      | Found a sparkling altar of Nemelex Xobeh.
  2840 | D:3      | Reached *** piety under Trog
  2875 | D:3      | Reached skill level 5 in Unarmed Combat
  2926 | D:3      | Noticed Terence
  2933 | D:3      | Killed Terence
  3207 | D:3      | Reached XP level 6. HP: 33/33 MP: 7/7
  3368 | D:4      | Reached skill level 6 in Unarmed Combat
  3402 | D:4      | Reached XP level 7. HP: 28/37 MP: 8/8
  3471 | D:4      | Found a glowing drain.
  3488 | Sewer    | Entered a sewer
  3590 | Sewer    | Reached **** piety under Trog
  4058 | D:4      | Reached skill level 7 in Unarmed Combat
  4146 | D:4      | Gained mutation: You have razor-sharp teeth. [Vine Stalker
                  | growth]
  4146 | D:4      | Reached XP level 8. HP: 42/42 MP: 9/9
  4291 | D:4      | Found a staircase to the Ecumenical Temple.
  4382 | D:5      | Entered Level 5 of the Dungeon
  4382 | D:5      | Found Nosuf's Magic Scroll Shoppe.
  4385 | D:5      | Bought 3 scrolls of identify for 72 gold pieces
  4385 | D:5      | Bought a scroll of identify for 24 gold pieces
  4385 | D:5      | Bought a scroll of noise for 12 gold pieces
  4385 | D:5      | Bought a scroll of identify for 24 gold pieces
  4895 | D:5      | Reached skill level 8 in Unarmed Combat
  4941 | D:5      | Found Xacaj's Magic Scroll Emporium.
  5109 | D:5      | Found a snail-covered altar of Cheibriados.
  5155 | D:5      | Found a shimmering blue altar of Sif Muna.
  5325 | D:5      | Bought a scroll of magic mapping for 75 gold pieces
  5445 | D:6      | Reached skill level 1 in Stealth
  5548 | D:6      | Noticed Maggie
  5559 | D:6      | Killed Maggie
  5560 | D:6      | Reached skill level 5 in Fighting
  5560 | D:6      | Reached skill level 9 in Unarmed Combat
  5587 | D:6      | Reached XP level 9. HP: 41/47 MP: 8/10
  6166 | D:7      | Reached skill level 10 in Unarmed Combat
  6288 | D:7      | Noticed Prince Ribbit
  6294 | D:7      | Killed Prince Ribbit
  6637 | D:7      | Found Lueridd's Weapon Shop.
  6950 | D:8      | Reached skill level 11 in Unarmed Combat
  7352 | D:8      | Found a burning altar of Makhleb.
  7438 | D:9      | Reached XP level 10. HP: 53/53 MP: 8/11
  7838 | D:9      | Noticed a two-headed ogre
  7841 | D:9      | Reached skill level 5 in Armour
  7977 | D:9      | Reached skill level 12 in Unarmed Combat
  7998 | D:9      | Paralysed by a hornet for 1 turns
  8211 | D:9      | Killed a two-headed ogre
  8485 | D:9      | Reached ***** piety under Trog
  8767 | D:9      | Noticed a two-headed ogre
  8773 | D:9      | Noticed a cyclops
  8774 | D:9      | Killed a two-headed ogre
  8775 | D:9      | Reached skill level 13 in Unarmed Combat
  8775 | D:9      | Reached XP level 11. HP: 53/58 MP: 12/12
  8782 | D:9      | Killed a cyclops
  8848 | D:9      | Found a runed translucent door.
  8902 | D:9      | Identified the +2 trident "Kyudagit" {spect, rN+ MP-9 SInv}
  8930 | D:9      | Noticed Renzlar's ghost (journeyman GnFi)
  9095 | D:9      | Killed Renzlar's ghost
  9180 | D:10     | Entered Level 10 of the Dungeon
  9181 | D:10     | Noticed Joseph
  9196 | D:10     | Killed Joseph
  9207 | D:10     | Noticed a two-headed ogre
  9215 | D:10     | Killed a two-headed ogre
  9230 | D:10     | Reached skill level 14 in Unarmed Combat
  9286 | D:10     | Found a broken altar of Ashenzari.
  9387 | D:10     | Found a staircase to the Lair.
  9438 | D:10     | Noticed a cyclops
  9449 | D:10     | Killed a cyclops
  9814 | D:10     | Noticed a centaur warrior
  9822 | D:10     | Killed a centaur warrior
  9922 | D:10     | Noticed Gastronok
  9937 | D:10     | Killed Gastronok
  9938 | D:10     | Reached skill level 15 in Unarmed Combat
  9938 | D:10     | Reached XP level 12. HP: 56/63 MP: 13/13
 10049 | Lair:1   | Entered Level 1 of the Lair of Beasts
 10435 | Lair:1   | Noticed a five-headed hydra
 10438 | Lair:1   | Reached skill level 16 in Unarmed Combat
 10446 | Lair:1   | Killed a five-headed hydra
 10887 | D:5      | Bought a scroll of summoning for 95 gold pieces
 12230 | Lair:2   | Noticed a catoblepas
 12278 | Lair:2   | Killed a catoblepas
 12279 | Lair:2   | Reached skill level 1 in Shields
 12279 | Lair:2   | Reached skill level 17 in Unarmed Combat
 12279 | Lair:2   | Reached XP level 13. HP: 55/68 MP: 11/14
 12851 | Lair:3   | Found a staircase to the Snake Pit.
 13095 | Lair:3   | Found a staircase to the Swamp.
 13272 | Lair:3   | You fall into a shaft and drop 2 floors!
 13272 | Lair:5   | Entered Level 5 of the Lair of Beasts
 13782 | Lair:4   | Received a gift from Trog
 13805 | Lair:3   | Reached skill level 18 in Unarmed Combat
 13989 | Lair:4   | HP: 2/69 [elephant (2)]
 13990 | Lair:4   | Slain by a blink frog

Illustrated notes

Levels and vault maps discovered:
D:1:      scummos_arrival_hexagon, layout_loops_cross
D:2:      layout_basic
D:3:      minmay_roachtagon, layout_basic, nicolae_overflow_hallway_of_the_gods,
          uniq_terence, uniq_robin, uniq_natasha
D:4:      layout_rooms, minmay_temple_entry_enclosed_plants,
          gup_sewer_entry_bubbles, dreamdust_gnoll_farm
D:5:      layout_loops_corners, lemuel_coloured_pillars_altar,
          nicolae_sif_muna_condensation, serial_shops, nicolae_stop_n_shop_2,
          nicolae_shop_behind_doors
D:6:      layout_loops_ring, uniq_maggie
D:7:      layout_loops_ring, nicolae_overflow_hidden_temple, serial_shops, shop,
          uniq_menkaure, uniq_prince_ribbit1
D:8:      layout_basic, lightli_temple_of_fire, hangedman_decor_opposing
D:9:      cheibrodos_ideogram_h, layout_gridville, ebering_ghost_funeral_grove
D:10:     layout_loops_cross, cheibrodos_ashenzari_chains, david_lair_shrubbed,
          uniq_joseph, uniq_gastronok
Lair:1:   layout_gridlike, kennysheep_rathole
Lair:2:   layout_cave_pods, serial_bayou_shore_b, serial_bayou_shore_b
Lair:3:   layout_misc_corridors, minmay_swamp_entry_reptiles,
          minmay_snake_entry_spellcaster, serial_rivers,
          chequers_serial_rivers_room_b, chequers_serial_rivers_marsh,
          chequers_serial_rivers_micro_b, chequers_serial_rivers_small_a,
          chequers_serial_rivers_micro_a, serial_bayou_shore_b
Lair:4:   layout_regular_city, minmay_slime_entry_oklob_enclosed,
          eino_small_chamber_without_monster
Lair:5:   cheibrodos_lair_end_hotspot, layout_regular_city, serial_bayou,
          serial_bayou_crossing, serial_bayou_lagoon_b, serial_bayou_pond_a,
          serial_bayou_pond_a, uniq_urug

Skill      XL: |  1  2  3  4  5  6  7  8  9 10 11 12 13 |
---------------+----------------------------------------+-----
Fighting       | 3 4 5 6 7 8 |  8.7
Unarmed Combat | 4 5 6 7 9 11 13 15 17 18 | 18.4
Dodging        | 2 3 |  3.0
Armour         | 2 3 4 6 7 8 9 |  9.0
Stealth        | 1 2 3 |  3.3
Shields        | 1 2 |  2.7
Evocations     | |  0.4

Action                   |  1- 3 |  4- 6 |  7- 9 | 10-12 | 13-15 || total
-------------------------+-------+-------+-------+-------+-------++-------
Melee: Unarmed           |    75 |   157 |   317 |   488 |   183 ||  1220
       Bite              |    15 |    34 |    75 |   156 |    71 ||   351
       Punch             |       |     8 |    20 |    27 |       ||    55
Invok: Berserk           |     3 |     5 |     4 |    15 |     7 ||    34
       Brothers in Arms  |       |       |       |     1 |     2 ||     3
       Trog's Hand       |       |       |       |       |     1 ||     1
Evoke: Wand              |       |       |       |     1 |       ||     1
  Use: Scroll            |       |     6 |     8 |     6 |     3 ||    23
       Potion            |       |       |       |       |     2 ||     2
 Stab: Sleeping          |     1 |       |       |       |       ||     1
       Petrifying        |       |       |       |       |     2 ||     2
       Distracted        |       |       |       |       |     1 ||     1
       Petrified         |       |       |       |       |     1 ||     1
Armor: Animal skin       |    11 |       |       |       |       ||    11
       Chain mail        |       |    80 |   182 |    18 |       ||   280
       Plate armour      |       |       |       |   268 |   136 ||   404
Dodge: Dodged            |    54 |    80 |   146 |   199 |    68 ||   547
Block: Kite shield       |       |       |       |    35 |    82 ||   117
